Cogmind - Beta 9.3 @@@ ROGUE MODE // 2019.12.17 @ 12:23:58 // Winter2019/RPGLIKE Player: Zinc Result: Destroyed by Y-45 Defender with Beam Rifle Performance ------------- Evolutions (1) 500 Regions Visited (3) 600 Robots Destroyed (57) 285 Value Destroyed (1157) 1157 Prototype IDs (3) 60 Alien Tech Used (0) 0 Bonus (0) 0 TOTAL SCORE: 2602 Bonus ------- None Cogmind --------- Core Integrity 0/700 Matter 277/300 Energy 160/160 System Corruption 0% Temperature Cool (34) Movement Treading (160) Location -9/Materials Parts ------- > --- POWER (1) -------- Light Nuclear Core > --- PROPULSION (4) --- Light Treads Light Treads Light Treads Light Treads > --- UTILITY (4) ------ Sensor Array Signal Interpreter > --- WEAPON (2) ------- Particle Gun Autogun > --- INVENTORY (4) ---- Improved Flight Unit Hacking Suite Hacking Suite Rocket Launcher Peak State ------------ > --- POWER ------------ Light Nuclear Core > --- PROPULSION ------- Light Treads Light Treads Light Treads Improved Flight Unit > --- UTILITY ---------- Sensor Array Signal Interpreter > --- WEAPON ----------- Beam Cannon Rocket Launcher > --- INVENTORY -------- Hacking Suite Hacking Suite Autogun [Rating: 14] Favorites ----------- Power Light Nuclear Core Engine Ion Engine Power Core Light Nuclear Core Propulsion Light Treads Treads Light Treads Leg Aluminum Leg Flight Unit Improved Flight Unit Utility Sensor Array Device Sensor Array Processor Signal Interpreter Weapon Beam Cannon Energy Gun Particle Gun Energy Cannon Beam Cannon Ballistic Gun Light Assault Rifle Launcher Rocket Launcher Build | -11 -10 -10 -9 ------- Run | Scr Mat Min Mat Slots Evolved 7 | 3 . . 4 Power . | . . . . Propulsion 3 | 1 . . 2 Utility 3 | 1 . . 2 Weapon 1 | 1 . . . Parts Attached 15 | 3 7 . 5 Power 1 | . 1 . . Engine . | . . . . Core 1 | . 1 . . Reactor . | . . . . Propulsion 5 | 2 . . 3 Treads 4 | 2 . . 2 Leg . | . . . . Wheel . | . . . . Hover . | . . . . Flight 1 | . . . 1 Utility 2 | . 2 . . Device 1 | . 1 . . Storage . | . . . . Processor 1 | . 1 . . Hackware . | . . . . Protection . | . . . . Artifact . | . . . . Weapon 7 | 1 4 . 2 Energy Gun 1 | . . . 1 Energy Cannon 2 | . 2 . . Ballistic Gun 2 | 1 . . 1 Ballistic Cannon . | . . . . Launcher 2 | . 2 . . Special Weapon . | . . . . Impact Weapon . | . . . . Slashing Weapon . | . . . . Piercing Weapon . | . . . . Special Melee Weapon . | . . . . Unidentified Prototypes 1 | . . . 1 Parts Lost . | . . . . Power . | . . . . Propulsion . | . . . . Utility . | . . . . Weapon . | . . . . Highest Loss Streak . | . . . . Average Slot Usage (%) 97 | . 98 100 77 Core 12 | . 12 14 10 Treads 27 | . 28 28 24 Device 13 | . 13 14 10 Processor 13 | . 13 14 10 Energy Cannon 16 | . 19 14 8 Ballistic Gun 1 | . 3 . 1 Launcher 9 | . 5 14 9 Naked Turns . | . . . . Heaviest Build 13 | 7 13 13 13 Greatest Support 80 | 40 40 40 80 Greatest Overweight (x) . | . . . . Average Overweight (x) . | . . . . Largest Inventory Capacity 4 | 2 3 3 4 Average Capacity 2 | 2 2 3 3 Most Carried 4 | . 3 3 4 Average Carried 2 | . 1 3 3 Final Capacity 4 | 2 3 3 4 Final Carried 4 | . 3 3 4 Class Distribution -------------------- 100% | Mutant Dominant Class ---------------- Mutant | -10/Materials Mutant | -10/Mines Mutant | -9/Materials Resources | -11 -10 -10 -9 ----------- Run | Scr Mat Min Mat Matter Collected 570 | 240 183 15 132 Remotely . | . . . . Salvage Created 1437 | . 738 497 202 Parts 114 | . 64 24 26 Haulers Intercepted 2 | . 2 . . Recyclers Shooed 1 | . . . 1 Parts Field Recycled . | . . . . Retrieved Matter . | . . . . Parts Self-Destructed . | . . . . Prevented . | . . . . Kills | -11 -10 -10 -9 ------- Run | Scr Mat Min Mat Combat Hostiles Destroyed 34 | . 13 11 10 Guns 1 | . . . 1 Cannons 27 | . 11 10 6 AOE 6 | . 2 1 3 Classes Destroyed 9 | . 8 . 1 Worker 5 | . 4 1 . Builder 8 | . 4 1 3 Hauler 2 | . 2 . . Recycler 1 | . 1 . . Operator 3 | . 3 . . Watcher 4 | . 3 . 1 Swarmer 14 | . 3 3 8 Grunt 18 | . 10 8 . Sentry 2 | . . . 2 Best Kill Streak 7 | . 4 3 7 Combat Bots Only 5 | . 3 3 5 Max Kills in Single Turn 4 | . 2 1 4 Gunslinging . | . . . . Exploded 2 | . 2 1 2 Melee . | . . . . Uniques/NPCs Destroyed . | . . . . Combat | -11 -10 -10 -9 -------- Run | Scr Mat Min Mat Damage Taken 1245 | . 349 426 470 Core 1001 | . 273 359 369 Absorbed by Shields . | . . . . Redirected to Core 795 | . 234 227 334 Core Remaining (%) 71 | 100 . 43 . Volleys Fired 146 | 5 67 46 28 Largest 2 | 2 2 2 2 Hottest 120 | 40 120 93 93 Shots Fired 225 | 10 126 48 41 Gun 40 | 10 16 . 14 Cannon 167 | . 100 46 21 Launcher 18 | . 10 2 6 Special . | . . . . Kinetic 33 | 10 16 . 7 Thermal 174 | . 100 46 28 Explosive 18 | . 10 2 6 Electromagnetic . | . . . . Robot Hit Streak 15 | 10 15 10 6 Robot Miss Streak 4 | . 4 3 2 Penetration Max . | . . . . Secondary Targets . | . . . . Shots Hit Robots 130 | 10 60 33 27 Core Hits 71 | 1 35 16 19 Critical Hits . | . . . . Critical Kills . | . . . . Critical Parts Destroyed . | . . . . Melee Attacks . | . . . . Impact . | . . . . Slashing . | . . . . Piercing . | . . . . Sneak Attacks . | . . . . Combat Hostiles . | . . . . Follow-up Attacks . | . . . . Damage Inflicted 2953 | 81 1220 695 957 Guns 324 | 81 73 . 170 Cannons 1718 | . 823 598 297 Explosions 911 | . 324 97 490 Melee . | . . . . Ramming . | . . . . Kinetic 226 | 81 73 . 72 Thermal 1816 | . 823 598 395 Explosive 834 | . 247 97 490 Electromagnetic 77 | . 77 . . Impact . | . . . . Slashing . | . . . . Piercing . | . . . . Highest Corruption . | . . . . Average Corruption . | . . . . Corruption Purged . | . . . . Overload Shots . | . . . . Overflow Damage 67 | . 42 9 16 Projectiles 30 | . 30 . . Explosions 37 | . 12 9 16 Melee . | . . . . Knockbacks . | . . . . Impact . | . . . . Kinetic . | . . . . Secondary . | . . . . Self-Inflicted Damage 46 | . . . 46 Shots 1 | . . . 1 Rammed . | . . . . Targets Rammed . | . . . . Kicked . | . . . . Crushed . | . . . . Highest Temperature 462 | . 462 412 141 Average Temperature 126 | . 134 143 63 Received Heat Transfer 483 | . 159 234 90 Effects 14 | . 12 2 . Shutdowns 4 | . 2 2 . Interference 4 | . 4 . . Matter Decay 2 | . 2 . . Damage (major) 4 | . 4 . . Siege Activations . | . . . . Robots Corrupted . | . . . . Combat Hostiles . | . . . . Parts Fried . | . . . . Impact Corruptions . | . . . . Robots Melted . | . . . . Combat Hostiles . | . . . . Parts Melted 6 | . 1 . 5 Heat Transferred 3848 | . 1739 1258 851 Parts Sabotaged . | . . . . Parts Stolen . | . . . . Parts Stripped . | . . . . Power Chain Reactions . | . . . . Missiles Intercepted . | . . . . Alert | -11 -10 -10 -9 ------- Run | Scr Mat Min Mat Peak Influence 356 | . 171 276 356 Average Influence 81 | . 65 80 194 Maximum Alert Level 1 | . . 1 1 Low Security (%) 90 | 100 100 85 65 Level 1 9 | . . 14 34 Level 2 . | . . . . Level 3 . | . . . . Level 4 . | . . . . Level 5 . | . . . . High Security . | . . . . Max Security . | . . . . Squads Dispatched 6 | . 4 . 2 Investigation 3 | . 2 . 1 Extermination . | . . . . Reinforcement 3 | . 2 . 1 Assault . | . . . . Garrison . | . . . . Intercept . | . . . . Construction Impeded . | . . . . Haulers Reinforced . | . . . . Stealth | -11 -10 -10 -9 --------- Run | Scr Mat Min Mat Distress Signals 1 | . . . 1 Communications Jammed . | . . . . Distress Signals . | . . . . Times Spotted 49 | . 26 10 13 Peak Tracking Total 5 | . 3 3 5 Tactical Retreats 3 | . 2 . 1 Traps | -11 -10 -10 -9 ------- Run | Scr Mat Min Mat Traps Triggered 4 | . 2 . 2 Indirectly . | . . . . Trap Hack Attempts . | . . . . Triggered . | . . . . Disarmed . | . . . . Reprogrammed . | . . . . Reused . | . . . . Traps Extracted . | . . . . Installed . | . . . . Triggered . | . . . . Machines | -11 -10 -10 -9 ---------- Run | Scr Mat Min Mat Machines Disabled 7 | . 5 . 2 Max in Single Turn 2 | . 2 . 1 Machines Sabotaged . | . . . . Garrisons Compromised . | . . . . Overloaded Fab Kills . | . . . . Fab Network Shutdowns . | . . . . Hacking | -11 -10 -10 -9 --------- Run | Scr Mat Min Mat Machines Accessed 9 | . 6 1 2 Terminals 8 | . 5 1 2 Fabricators . | . . . . Repair Stations 1 | . 1 . . Recycling Units . | . . . . Scanalyzers . | . . . . Garrison Access . | . . . . Total Hacks 31 | . 21 2 8 Successful 16 | . 11 2 3 Failed 15 | . 10 . 5 Catastrophic 3 | . 1 . 2 Database Lockouts . | . . . . Manual 25 | . 19 3 3 Terminals 30 | . 20 2 8 Fabricators . | . . . . Repair Stations 1 | . 1 . . Recycling Units . | . . . . Scanalyzers . | . . . . Garrison Access . | . . . . Terminal Hacks 8 | . 5 . 3 Prototype ID Bank 1 | . . . 1 Branch Access Points 1 | . 1 . . Terminal Index 1 | . . . 1 Alert Level 2 | . 2 . . Locate Traps 1 | . 1 . . Recall Reinforcements 1 | . . . 1 Zone Layout 1 | . 1 . . Fabricator Hacks . | . . . . Repair Station Hacks . | . . . . Recycling Unit Hacks . | . . . . Scanalyzer . | . . . . Garrison Access Hacks . | . . . . Unauthorized Hacks 18 | . 14 4 . Terminals 7 | . 5 2 . Track 2 | . 1 1 . Botnet 4 | . 3 1 . Operators 1 | . 1 . . Fabricators . | . . . . Repair Stations 1 | . 1 . . Mechanics 1 | . 1 . . Recycling Units . | . . . . Scanalyzers . | . . . . Garrison Access . | . . . . Data Cores Recovered 1 | . 1 . . Used . | . . . . Hacking Detections 7 | . 4 1 2 Full Trace Events 2 | . 1 . 1 Feedback Events . | . . . . Feedback Blocked . | . . . . Robot Schematics Acquired . | . . . . Robots Built . | . . . . Matter . | . . . . Time . | . . . . Total Robot Build Rating . | . . . . Part Schematics Acquired . | . . . . Parts Built . | . . . . Matter . | . . . . Time . | . . . . Total Part Build Rating . | . . . . Parts Repaired . | . . . . Time . | . . . . Parts Recycled . | . . . . Recycled Matter . | . . . . Retrieved Matter . | . . . . Retrieved Components . | . . . . Parts Scanalyzed . | . . . . Part Schematics Acquired . | . . . . Parts Damaged . | . . . . Bothacking | -11 -10 -10 -9 ------------ Run | Scr Mat Min Mat Used RIF Installer . | . . . . Robots Hacked . | . . . . Non-combat . | . . . . Combat . | . . . . Robot Hacks Applied . | . . . . Relay Couplers Released . | . . . . Robots Rewired . | . . . . Allies Hacked . | . . . . Hacks Repelled . | . . . . Allies | -11 -10 -10 -9 -------- Run | Scr Mat Min Mat Total Allies . | . . . . Largest Group . | . . . . Highest-Rated Group . | . . . . Highest-Rated Ally . | . . . . Total Orders . | . . . . Ally Attacks . | . . . . Total Damage . | . . . . Kills . | . . . . Allies Corrupted . | . . . . Allies Melted . | . . . . Intel | -11 -10 -10 -9 ------- Run | Scr Mat Min Mat Robot Analysis Total . | . . . . Derelict Logs Recovered 1 | . . 1 . Drone Launches . | . . . . Drone Recoveries . | . . . . Exploration | -11 -10 -10 -9 ------------- Run | Scr Mat Min Mat Turns Passed 3667 | 46 1814 1495 312 Spaces Moved 2009 | 19 989 860 141 Core . | . . . . Treads 2006 | 16 989 860 141 Legs 3 | 3 . . . Wheels . | . . . . Hover . | . . . . Flight . | . . . . Fastest Speed 120 | 120 160 160 160 Average Speed 159 | 153 160 160 160 Slowest Speed 160 | 160 160 160 160 Overloaded Moves . | . . . . Propulsion Burnouts . | . . . . Robots Hopped . | . . . . Cave-ins Triggered . | . . . . Exploration Rate (%) 54 | 3 96 99 19 Regions Visited 3 Branch Regions 1 Pre-discovered Areas . | . . . . Known Exits Taken 2 | . 1 1 . Unknown Exits Taken 1 | 1 . . . Scrap Searched 1 | . . 1 . Spaces Dug 13 | . . 13 . Terrain Destroyed 114 | . 52 26 36 Melee . | . . . . Projectile . | . . . . AOE 114 | . 52 26 36 Actions | -11 -10 -10 -9 --------- Run | Scr Mat Min Mat Total 2244 | 27 1099 931 187 Wait 36 | . 5 22 9 Move 2006 | 18 988 859 141 Hop . | . . . . Pick Up 7 | . 6 . 1 Fast Attach 13 | 3 6 . 4 Attach 2 | . 1 . 1 Detach 1 | . . . 1 Swap . | . . . . Drop 10 | 1 7 . 2 Fire 146 | 5 67 46 28 Melee . | . . . . Ram . | . . . . Kick . | . . . . Crush . | . . . . Escape Stasis . | . . . . Rewire . | . . . . Trap . | . . . . Miscellaneous 23 | . 19 4 . Route ------- -11/Scrapyard -10/Materials (discovered 4 exits: *Mat x3 / *Min) -10/Mines (discovered 2 exits: *Mat x2) -9/Materials History --------- Turn | Location | Event 1 | -11/Scrapyard | Upgraded with Propulsion slot (x1) 1 | -11/Scrapyard | Upgraded with Utility slot (x1) 1 | -11/Scrapyard | Upgraded with Weapon slot (x1) 1 | -11/Scrapyard | Discovered new exit (range 2) 47 | -11/Scrapyard | Entered Materials 307 | -10/Materials | Build established: Mutant 481 | -10/Materials | Discovered new exit (range 7) 732 | -10/Materials | Identified exit to Mines 763 | -10/Materials | Discovered new exit (range 16) 909 | -10/Materials | Reached level 2 1150 | -10/Materials | Identified exit to Materials 1670 | -10/Materials | Discovered exit to Materials (range 16) 1861 | -10/Materials | Entered Mines 1927 | -10/Mines | Reached level 3 2194 | -10/Mines | Learned Materials security intel 2259 | -10/Mines | Discovered exit to Materials (range 5) 2688 | -10/Mines | Core integrity fell below 50% 2862 | -10/Mines | Discovered exit to Materials (range 5) 3356 | -10/Mines | Entered Materials 3357 | -9/Materials | Core integrity fell below 50% 3358 | -9/Materials | Reached level 4 3369 | -9/Materials | Reached level 5 3447 | -9/Materials | Upgraded with Propulsion slot (x2) 3447 | -9/Materials | Upgraded with Utility slot (x2) 3594 | -9/Materials | Core integrity fell below 20% 3668 | -9/Materials | Destroyed by Y-45 Defender with Beam Rifle Last Messages --------------- 03596_ The unstable cave ceiling collapses. 03604_ Acquired Prototype Flight Unit. 03604_ Identified Imp. Flight Unit. 03608_ Dropped Beam Cannon. 03609_ Acquired Particle Gun. 03610_ Dropped Rocket Launcher. 03612_ Acquired Rocket Launcher. 03618_ O-16 Technician: "IFF HANDSHAKE FAILED. SECURING TERMINAL." 03624_ O-16 Technician uses terminal to summon reinforcements. 03624_ ALERT: Hostiles spotted, dispatching reinforcements to Terminal M001. 03624_ O-16 Technician locks terminal. 03634_ Connecting with Terminal... >>Recall(Reinforcements) Establishing remote squad link... Recalled reinforcement squad T1YYG159MP. 03650_ Y-45 Defender destroyed. 03655_ Acquired 67 matter. 03658_ Acquired Lgt. Treads. 03663_ R-06 Scavenger collects Lgt. Treads. Map ----- +----------------------------------------------------+ | """ #?# ########+#######??????????????????????? | | #?## ##?# #?????????????????????????? | | ######### #### """ #?????????????????????????? | | + "" " #?????????????????????????? | | #########+#### " #?????????????????????????? | | ??????# # * ##????????????????????????? | | ??????# """ # |% #????????????????????????? | | ??????# """ # = ##????????????????????????? | | ??????# """ # % % #########?????????????????? | | ??????# ### # +?????????????????? | | ??????# #### ## """ #?????????????????? | | ??????########??# # """ #?????????????????? | | ????????????????# """ #?????????????????? | | ????????????????# ## #?????????????????? | | ????????????????# ## #?????????????????? | | ????????????????# # #?????????????????? | | ????????????????## = # #?????????????????? | | ????????????????# % ##![[ #?????????????????? | | ????????????????# #! [ #?????????????????? | | ????????????????# ##][ #??####???????????? | | ????????????????# #######+## ## #??????? | | ????????????????# #??????? | | ????????????????+ #??????? | | ????????????????# r #??????? | | ????????????????# ##Y####### ###+##??????? | | ????????????????## ## @* #??# ##???????????? | | ??????????????????? ?# T #??? #????????????? | | ??????????????????????# #???? #????????????? | | ??????????????????????# !! #????? #????????????? | | ??????????????????????# ! #????? #????????????? | | ??????????????????????# #?????? ????????????? | | ??????????????????????###### #??????? ???????????? | | ????????????????????????????##???????? ??????????? | | ?????????????????????????????????????????????????? | | ?????????????????????????????????????????????????? | | ?????????????????????????????????????????????????? | | ?????????????????????????????????????????????????? | | ?????????????????????????????????????????????????? | | ?????????????????????????????????????????????????? | | ?????????????????????????????????????????????????? | | ?????????????????????????????????????????????????? | | ?????????????????????????????????????????????????? | | ?????????????????????????????????????????????????? | | ?????????????????????????????????????????????????? | | ?????????????????????????????????????????????????? | | ?????????????????????????????????????????????????? | | ?????????????????????????????????????????????????? | | ?????????????????????????????????????????????????? | | ?????????????????????????????????????????????????? | | ?????????????????????????????????????????????????? | +----------------------------------------------------+ Best States ------------- Heat Dissipation 31 Energy Generation 19 Energy Capacity 250 Matter Stores 300 Matter Capacity 300 Sight Range 16 Robot Scan Range 10 Terrain Scan Density 10 Resistance: KI 5 Evasion (%) 40 Recoil Reduction 4 Offensive Hacking 5 Item Schematics ----------------- None Robot Schematics ------------------ None Fabricated ------------ Nothing Alien Tech Used ----------------- None Achievements -------------- None Challenges ------------ None RPGLIKE | -11 -10 -10 -9 --------- Run | Scr Mat Min Mat Levels Raised 4 | . 1 1 2 XP Earned 9920 | 3000 2185 1850 2885 XP Spent 8960 | 3000 750 . 5210 Upgrades 18 | 8 1 . 9 Propulsion Slot 3 | 1 . . 2 Utility Slot 3 | 1 . . 2 Weapon Slot 1 | 1 . . . Core Integrity 2 | . . . 2 Heat Dissipation 1 | . . . 1 Energy Generation 1 | . . . 1 Inventory Capacity 4 | 2 1 . 1 Ranged Accuracy 1 | 1 . . . Hack Attack % 1 | 1 . . . KI Resistance % 1 | 1 . . . Protomatter Created 272 | . 188 53 31 Integrity Restored 422 | . 343 79 . Core 291 | . 273 18 . Parts 131 | . 70 61 . Protomatter Decayed 102 | . 71 26 5 Game ------ Seed ImprinterTransportModule Manual? 0 Play Time 00:23:20 Cumulative 75.8 hours Start 2019.12.17 @ 12:04:04 End 2019.12.17 @ 12:23:58 Sessions 1 Manual Loads 0 Difficulty Rogue Special Mode Winter2019/RPGLIKE Game No. 100 Rogue 100 Adventurer 0 Explorer 0 Win Type - Total 2 Types 2/0/0/0/0/0/0 Lore% 61 Gallery% 55 Achievement% 45 Wizard Run 0 Options --------- ASCII 0 Keyboard 0 Movement Mouse Keybinds 0 Fullscreen 2 Font 18/SmallcapsGlow Map View 76x50 Tactical HUD 1 Map Filters NONE Filters NONE Steam X RUN: 6a04de1d-2bb4-4ce7-a8d8-041b7f4e76e7